[Event "RUS-ch Women Blitz 2019"]
[Site "Sochi"]
[Date "2019.10.17"]
[Round "10.11"]
[White "Borisova, Ekaterina"]
[Black "Vasilevich, Tatjana"]
[Result "1-0"]
[ECO "A58"]
[WhiteElo "2347"]
[BlackElo "2360"]
[Annotator "NA"]
[PlyCount "90"]
[EventDate "2019.10.17"]
[EventType "swiss"]
[EventCountry "RUS"]
[SourceTitle "playchess.com"]
[Source "ChessBase"]
[SourceQuality "1"]
[TimeControl "180+2"]

1. d4 Nf6 2. c4 c5 3. d5 b5 4. cxb5 a6 5. bxa6 d6 6. Nc3 Bxa6 7. g3 g6 8. Bg2 Bg7 9. Nf3 O-O 10. O-O Nbd7 11. Rb1 Qa5 12. Bd2 Rfb8 13. Qc2 Qc7 14. b3 Ng4 15. a4 Nge5 16. Nxe5 Nxe5 17. h3 Rb7 18. Rb2 Rab8 19. Rfb1 Nd7 20. Bf1 Ne5 21. f4 Nd7 22. e3 Bxf1 23. Kxf1 Nb6 24. e4 Qd7 25. Kg2 e6 26. dxe6 Qxe6 27. a5 Nd7 28. Nd5 Bxb2 29. Rxb2 Nf6 30. Nxf6+ Qxf6 31. Bc3 Qe6 32. a6 Ra7 33. f5 gxf5 34. exf5 Qh6 35. Qd3 Re8 36. Re2 Rae7 37. Rxe7 Rxe7 38. Bd2 Qf6 39. Bc3 Qh6 40. Bd2 Qf6 41. Bc3 Qg5 42. Bd2 Qh5 43. Bf4 Re2+ 44. Kf1 Re7 45. h4 Qg4 1-0

[Event "RUS-ch Women Blitz 2019"]
[Site "Sochi"]
[Date "2019.10.17"]
[Round "10.12"]
[White "Bykova, Anastasia"]
[Black "Serditykh, Olesya"]
[Result "1-0"]
[ECO "E06"]
[WhiteElo "2247"]
[BlackElo "1990"]
[Annotator "NA"]
[PlyCount "103"]
[EventDate "2019.10.17"]
[EventType "swiss"]
[EventCountry "RUS"]
[SourceTitle "playchess.com"]
[Source "ChessBase"]
[SourceQuality "1"]
[TimeControl "180+2"]

1. d4 d5 2. c4 e6 3. g3 Nf6 4. Nf3 Be7 5. Bg2 O-O 6. O-O b6 7. Nc3 Bb7 8. cxd5 exd5 9. Ne5 Na6 10. Qa4 c5 11. Nc6 Bxc6 12. Qxc6 Nb4 13. Qa4 cxd4 14. Nb5 a6 15. Nxd4 Bc5 16. Rd1 b5 17. Qb3 Qb6 18. e3 Rfd8 19. a3 Nc6 20. Nxc6 Qxc6 21. Bd2 Rd7 22. Rac1 Qb6 23. Bc3 Rad8 24. Bd4 Bxd4 25. Rxd4 h6 26. Rcd1 Qc6 27. Qd3 Qc7 28. Qf5 Qc6 29. h4 Qc7 30. Qd3 Qc6 31. g4 Qe6 32. g5 hxg5 33. hxg5 Ne4 34. Bxe4 dxe4 35. Rxd7 exd3 36. Rxd8+ Kh7 37. R1xd3 Qg4+ 38. Kf1 Qxg5 39. R3d4 Qc5 40. Ke2 Qc2+ 41. Rd2 Qc4+ 42. Kd1 Qf1+ 43. Kc2 Qc4+ 44. Kb1 Qe4+ 45. Ka1 Qh1+ 46. Ka2 Qe4 47. R8d4 Qe6+ 48. Ka1 Qc6 49. Kb1 Qg6+ 50. Ka1 Qg1+ 51. Ka2 Qg6 52. Rh4+ 1-0

[Event "RUS-ch Women Blitz 2019"]
[Site "Sochi"]
[Date "2019.10.17"]
[Round "11.1"]
[White "Maltsevskaya, Aleksandra"]
[Black "Garifullina, Leya"]
[Result "1/2-1/2"]
[ECO "B90"]
[WhiteElo "2333"]
[BlackElo "2330"]
[Annotator "NA"]
[PlyCount "57"]
[EventDate "2019.10.17"]
[EventType "swiss"]
[EventCountry "RUS"]
[SourceTitle "playchess.com"]
[Source "ChessBase"]
[SourceQuality "1"]
[TimeControl "180+2"]

1. e4 c5 2. Nf3 d6 3. d4 cxd4 4. Nxd4 Nf6 5. Nc3 a6 6. Qd3 e5 7. Nf5 Bxf5 8. exf5 h6 9. Be3 Nc6 10. O-O-O Qa5 11. Kb1 Rd8 12. Nd5 Nxd5 13. Qxd5 Qxd5 14. Rxd5 Ne7 15. Rd2 Nxf5 16. Bb6 Rc8 17. Bd3 Ne7 18. Be4 Nc6 19. c3 g6 20. g4 Be7 21. Be3 h5 22. g5 Na5 23. Rd3 O-O 24. b3 Nc6 25. Rhd1 Kg7 26. Kb2 Rh8 27. h4 Rhd8 28. Bb6 Re8 29. Be3 1/2-1/2

[Event "RUS-ch Women Blitz 2019"]
[Site "Sochi"]
[Date "2019.10.17"]
[Round "11.2"]
[White "Pogonina, Natalija"]
[Black "Bodnaruk, Anastasia"]
[Result "1/2-1/2"]
[ECO "A45"]
[WhiteElo "2479"]
[BlackElo "2419"]
[Annotator "ChessBase"]
[PlyCount "101"]
[EventDate "2019.10.17"]
[EventType "swiss"]
[EventCountry "RUS"]
[SourceTitle "playchess.com"]
[Source "ChessBase"]
[SourceQuality "1"]
[TimeControl "180+2"]

1. d4 Nf6 2. g3 g6 3. Bg2 Bg7 4. e4 d6 5. Nc3 O-O 6. Nge2 e5 7. O-O exd4 8. Nxd4 Nc6 9. Nxc6 bxc6 10. h3 Rb8 11. Rb1 Be6 12. Be3 a5 13. b3 c5 14. Ne2 Bc8 15. e5 Ne8 16. exd6 cxd6 17. Bxc5 Bxh3 18. Bxd6 Nxd6 19. Bxh3 Qb6 20. c4 Rfe8 21. Qc2 Ne4 22. Bg2 Nc5 23. Nc3 Ne6 24. Nb5 Be5 25. Kh1 Nd4 26. Nxd4 Bxd4 27. Bd5 Re5 28. Kg2 Rbe8 29. Rbd1 Re2 30. Rd2 Re1 31. Rxe1 Rxe1 32. Re2 Rxe2 33. Qxe2 Qf6 34. Qf3 Qe7 35. Qf4 Bc5 36. Kf3 Kg7 37. Kg2 h5 38. Qe4 Qf6 39. Qf3 Qe7 40. Qc3+ Qf6 41. Qxf6+ Kxf6 42. f4 Ke7 43. Kf3 f6 44. Be4 g5 45. fxg5 fxg5 46. Bg6 h4 47. gxh4 gxh4 48. Bf5 Kd6 49. Ke4 Ba3 50. Kd4 Bb2+ 51. Ke4 {Ke5+} 1/2-1/2

[Event "RUS-ch Women Blitz 2019"]
[Site "Sochi"]
[Date "2019.10.17"]
[Round "11.3"]
[White "Tomilova, Elena"]
[Black "Belenkaya, Dina"]
[Result "1/2-1/2"]
[ECO "A09"]
[WhiteElo "2345"]
[BlackElo "2300"]
[Annotator "NA"]
[PlyCount "45"]
[EventDate "2019.10.17"]
[EventType "swiss"]
[EventCountry "RUS"]
[SourceTitle "playchess.com"]
[Source "ChessBase"]
[SourceQuality "1"]
[TimeControl "180+2"]

1. Nf3 d5 2. c4 d4 3. g3 Nc6 4. Bg2 e5 5. d3 Bb4+ 6. Nbd2 Nf6 7. O-O a5 8. a3 Be7 9. Rb1 O-O 10. b4 axb4 11. axb4 Nxb4 12. Nxe5 Re8 13. Nb3 Bf8 14. Nf3 Nc6 15. Bb2 Ra2 16. Re1 Bg4 17. h3 Bxf3 18. exf3 Rxe1+ 19. Qxe1 Bb4 20. Qc1 Ne5 21. Qd1 c5 22. f4 Nc6 23. Nd2 1/2-1/2

[Event "RUS-ch Women Blitz 2019"]
[Site "Sochi"]
[Date "2019.10.17"]
[Round "11.4"]
[White "Kovanova, Baira"]
[Black "Ambartsumova, Karina"]
[Result "1-0"]
[ECO "A48"]
[WhiteElo "2344"]
[BlackElo "2341"]
[Annotator "NA"]
[PlyCount "113"]
[EventDate "2019.10.17"]
[EventType "swiss"]
[EventCountry "RUS"]
[SourceTitle "playchess.com"]
[Source "ChessBase"]
[SourceQuality "1"]
[TimeControl "180+2"]

1. d4 Nf6 2. Nf3 g6 3. Bf4 Bg7 4. c4 O-O 5. e3 d6 6. h3 Nbd7 7. Be2 Qe8 8. O-O e5 9. Bh2 Qe7 10. Nc3 b6 11. Rc1 Bb7 12. b4 a5 13. a3 Rfc8 14. Re1 axb4 15. axb4 Ra3 16. Nb5 Raa8 17. c5 bxc5 18. bxc5 Bxf3 19. Bxf3 Ne8 20. Bxa8 Rxa8 21. Qf3 Rb8 22. Qc6 Nf8 23. cxd6 cxd6 24. dxe5 dxe5 25. Ra1 Ne6 26. Red1 Qb4 27. Nd6 Nxd6 28. Qxd6 Qb5 29. Ra7 Rd8 30. Rd7 Rxd7 31. Qxd7 Qb3 32. Qd5 Qb2 33. Bg3 Bf6 34. Qd2 Qb5 35. Qd3 Qb2 36. Rb1 Qa2 37. Qb5 Qc2 38. Qb2 Qc5 39. Rc1 Qa5 40. Qc3 Qb5 41. Rd1 Kg7 42. h4 h5 43. Qd3 Qa4 44. Qd5 Qc2 45. Bxe5 Qa4 46. Bxf6+ Kxf6 47. g3 Kg7 48. Kg2 Qg4 49. Qf3 Qa4 50. Rd6 Qb5 51. Rd5 Qc6 52. Rd1 Qa4 53. Rb1 Qc2 54. Rb7 Nd8 55. Rd7 Qc8 56. Qd5 Ne6 57. Qxe6 1-0

[Event "RUS-ch Women Blitz 2019"]
[Site "Sochi"]
[Date "2019.10.17"]
[Round "11.5"]
[White "Semenova, Elena"]
[Black "Charochkina, Daria"]
[Result "0-1"]
[ECO "B07"]
[WhiteElo "2282"]
[BlackElo "2355"]
[Annotator "NA"]
[PlyCount "90"]
[EventDate "2019.10.17"]
[EventType "swiss"]
[EventCountry "RUS"]
[SourceTitle "playchess.com"]
[Source "ChessBase"]
[SourceQuality "1"]
[TimeControl "180+2"]

1. e4 d6 2. d4 Nf6 3. Nc3 c6 4. f4 Qa5 5. Bd3 e5 6. Nf3 exd4 7. Nxd4 g6 8. Nb3 Qb6 9. Qe2 Bg7 10. Be3 Qc7 11. O-O O-O 12. Kh1 Re8 13. a4 Nbd7 14. Qf3 b6 15. Nd4 Bb7 16. Rad1 a6 17. Qh3 c5 18. Nf3 c4 19. Be2 Bxe4 20. Nxe4 Nxe4 21. Bd4 Ndf6 22. c3 Re7 23. Ng5 h6 24. Nxe4 Nxe4 25. Bf3 f5 26. Bxe4 Rxe4 27. Bxg7 Kxg7 28. Qf3 Rae8 29. h3 Qe7 30. Rd2 Re1 31. Kh2 Rxf1 32. Qxf1 b5 33. Qd1 Qe4 34. Rd4 Qe3 35. Qf1 Re4 36. Rxd6 Rxf4 37. Rd7+ Kf6 38. Qd1 Re4 39. Qd6+ Kg5 40. axb5 axb5 41. Rg7 Re6 42. Qd8+ Kh5 43. Qd5 Qf4+ 44. g3 Re2+ 45. Kh1 Qf1# 0-1

[Event "RUS-ch Women Blitz 2019"]
[Site "Sochi"]
[Date "2019.10.17"]
[Round "11.6"]
[White "Voit, Daria"]
[Black "Guseva, Marina"]
[Result "1-0"]
[ECO "E15"]
[WhiteElo "2336"]
[BlackElo "2366"]
[Annotator "NA"]
[PlyCount "46"]
[EventDate "2019.10.17"]
[EventType "swiss"]
[EventCountry "RUS"]
[SourceTitle "playchess.com"]
[Source "ChessBase"]
[SourceQuality "1"]
[TimeControl "180+2"]

1. d4 Nf6 2. Nf3 e6 3. c4 b6 4. g3 Ba6 5. b3 Bb4+ 6. Bd2 Be7 7. Bg2 c6 8. O-O d5 9. Bc3 Nbd7 10. Nbd2 O-O 11. Re1 c5 12. e4 dxe4 13. Ng5 cxd4 14. Bxd4 Nc5 15. Ndxe4 Ncxe4 16. Nxe4 Nxe4 17. Bxe4 Rc8 18. Qd3 h6 19. Rad1 Bc5 20. Bxc5 bxc5 21. Qd7 Qa5 22. Qxa7 Rcd8 23. Bb7 Rd7 1-0

[Event "RUS-ch Women Blitz 2019"]
[Site "Sochi"]
[Date "2019.10.17"]
[Round "11.7"]
[White "Chernyak, Viktoria"]
[Black "Borisova, Ekaterina"]
[Result "1-0"]
[ECO "A11"]
[WhiteElo "2284"]
[BlackElo "2347"]
[Annotator "NA"]
[PlyCount "61"]
[EventDate "2019.10.17"]
[EventType "swiss"]
[EventCountry "RUS"]
[SourceTitle "playchess.com"]
[Source "ChessBase"]
[SourceQuality "1"]
[TimeControl "180+2"]

1. c4 c6 2. Nf3 d5 3. e3 Nf6 4. Nc3 e6 5. b3 Nbd7 6. Bb2 Bd6 7. Qc2 O-O 8. O-O-O Qe7 9. g4 dxc4 10. Bxc4 b5 11. Be2 b4 12. Na4 c5 13. g5 Nd5 14. Bd3 f5 15. gxf6 N7xf6 16. Rhg1 Bb7 17. Ne5 Nb6 18. f4 Nxa4 19. bxa4 Rac8 20. Bc4 Bd5 21. d3 Bxe5 22. Bxe5 Kh8 23. Rg3 Bxc4 24. dxc4 Rcd8 25. Rdg1 Rg8 26. h4 a5 27. Rg5 Qb7 28. h5 h6 29. Rg6 Qe7 30. Bxf6 gxf6 31. Rxh6+ 1-0

[Event "RUS-ch Women Blitz 2019"]
[Site "Sochi"]
[Date "2019.10.17"]
[Round "11.8"]
[White "Afonasieva, Anna"]
[Black "Styazhkina, Anna"]
[Result "1-0"]
[ECO "D19"]
[WhiteElo "2312"]
[BlackElo "2280"]
[Annotator "NA"]
[PlyCount "65"]
[EventDate "2019.10.17"]
[EventType "swiss"]
[EventCountry "RUS"]
[SourceTitle "playchess.com"]
[Source "ChessBase"]
[SourceQuality "1"]
[TimeControl "180+2"]

1. d4 d5 2. Nf3 Nf6 3. c4 c6 4. Nc3 dxc4 5. a4 Bf5 6. e3 e6 7. Bxc4 Bb4 8. O-O O-O 9. Qe2 Bg6 10. Ne5 Bh5 11. f3 Nfd7 12. Nd3 Bd6 13. Qf2 c5 14. Ne4 Qc7 15. Nxd6 Qxd6 16. b3 Nc6 17. dxc5 Qe7 18. Bb2 Bg6 19. e4 Na5 20. Rac1 Rac8 21. b4 Nxc4 22. Rxc4 Nb6 23. cxb6 Rxc4 24. bxa7 f6 25. Bd4 Rd8 26. Bc5 Qd7 27. Nb2 Rc3 28. Qe2 Qc8 29. Rd1 Rxd1+ 30. Qxd1 Be8 31. Qd6 Bd7 32. Qb8 Rc1+ 33. Kf2 1-0

[Event "RUS-ch Women Blitz 2019"]
[Site "Sochi"]
[Date "2019.10.17"]
[Round "11.9"]
[White "Yakimova, Mariya"]
[Black "Bykova, Anastasia"]
[Result "1/2-1/2"]
[ECO "D18"]
[WhiteElo "2276"]
[BlackElo "2247"]
[Annotator "NA"]
[PlyCount "117"]
[EventDate "2019.10.17"]
[EventType "swiss"]
[EventCountry "RUS"]
[SourceTitle "playchess.com"]
[Source "ChessBase"]
[SourceQuality "1"]
[TimeControl "180+2"]

1. d4 d5 2. Nf3 Nf6 3. c4 c6 4. Nc3 dxc4 5. a4 Bf5 6. e3 e6 7. Bxc4 Bb4 8. O-O Nbd7 9. Qb3 Qb6 10. a5 Bxa5 11. Rxa5 Qxa5 12. Qxb7 O-O 13. Qxc6 Rab8 14. Qa4 Qc7 15. Nb5 Nb6 16. Nxc7 Nxa4 17. b3 Nb6 18. Ne5 Nxc4 19. bxc4 Rb1 20. Ba3 Rxf1+ 21. Kxf1 Rc8 22. Nb5 Ne4 23. Nxa7 Ra8 24. Nec6 Nd2+ 25. Ke2 Nxc4 26. Bc5 Be4 27. Ne7+ Kh8 28. f3 Bb7 29. e4 Ba6 30. Kf2 Nd6 31. Nac6 Nc8 32. Ne5 Nxe7 33. Bxe7 Kg8 34. d5 exd5 35. exd5 f6 36. Nc6 Kf7 37. d6 Ke6 38. Nd4+ Kd7 39. Nf5 g6 40. Ne3 f5 41. Nd5 Rb8 42. Nf6+ Ke6 43. Nxh7 Rb2+ 44. Kg3 Bf1 45. Ng5+ Kd7 46. Kf4 Bxg2 47. Nf7 Ke6 48. Ng5+ Kd7 49. Nf7 Ke6 50. Nd8+ Kd7 51. Nf7 Rb3 52. Ne5+ Ke6 53. Nxg6 Rxf3+ 54. Kg5 Kd7 55. Nf8+ Ke8 56. Kf6 Rd3 57. d7+ Rxd7 58. Nxd7 Kxd7 59. Bc5 1/2-1/2

[Event "RUS-ch Women Blitz 2019"]
[Site "Sochi"]
[Date "2019.10.17"]
[Round "11.10"]
[White "Filippova, Darya"]
[Black "Bivol, Alina"]
[Result "1-0"]
[ECO "E70"]
[WhiteElo "2010"]
[BlackElo "2371"]
[Annotator "NA"]
[PlyCount "63"]
[EventDate "2019.10.17"]
[EventType "swiss"]
[EventCountry "RUS"]
[SourceTitle "playchess.com"]
[Source "ChessBase"]
[SourceQuality "1"]
[TimeControl "180+2"]

1. c4 Nf6 2. Nc3 g6 3. e4 d6 4. d4 Bg7 5. Nge2 O-O 6. Ng3 c5 7. d5 a6 8. Be2 h5 9. h4 Bg4 10. f3 Bd7 11. Nf1 b5 12. g4 b4 13. Nb1 hxg4 14. Bg5 gxf3 15. Bxf3 Qc8 16. h5 Nh7 17. Bxe7 Re8 18. Bxd6 Ng5 19. hxg6 fxg6 20. Nbd2 Nxf3+ 21. Qxf3 Bg4 22. Qg3 Qd7 23. Ne3 Bh5 24. Rxh5 gxh5 25. O-O-O Qf7 26. Nf5 Qf6 27. Rg1 Qxb2+ 28. Kd1 Ra7 29. e5 Qa1+ 30. Ke2 Qb2 31. Nxg7 Kh8 32. Qg5 1-0

[Event "RUS-ch Women Blitz 2019"]
[Site "Sochi"]
[Date "2019.10.17"]
[Round "11.11"]
[White "Sukhareva, Evgeniya"]
[Black "Dubnikova, Anastasia"]
[Result "1-0"]
[ECO "E35"]
[WhiteElo "2122"]
[BlackElo "2171"]
[Annotator "NA"]
[PlyCount "82"]
[EventDate "2019.10.17"]
[EventType "swiss"]
[EventCountry "RUS"]
[SourceTitle "playchess.com"]
[Source "ChessBase"]
[SourceQuality "1"]
[TimeControl "180+2"]

1. d4 Nf6 2. c4 e6 3. Nc3 Bb4 4. Qc2 d5 5. cxd5 exd5 6. Bg5 c6 7. e3 h6 8. Bh4 Nbd7 9. Nf3 O-O 10. Bd3 Re8 11. O-O a6 12. h3 Qc7 13. Rac1 Bd6 14. Ne2 Ne4 15. Bxe4 Rxe4 16. Nc3 Re8 17. Nxd5 Qb8 18. Nc3 g5 19. Nxg5 hxg5 20. Bxg5 Nf8 21. Ne4 Rxe4 22. Qxe4 Be6 23. f4 Bd5 24. Qf5 Qe8 25. Rce1 Qe6 26. Qc2 Be4 27. Qf2 f5 28. Qg3 Ng6 29. h4 Kf7 30. h5 Ne7 31. Qh4 Rh8 32. h6 Qg6 33. Rf2 Ng8 34. g4 Nxh6 35. Rh2 Bf8 36. Kf1 Bg7 37. Bd8 Nxg4 38. Qe7+ Kg8 39. Rxh8+ Kxh8 40. Ke2 Qh5 41. Qh4 Qxh4 1-0

[Event "RUS-ch Women Blitz 2019"]
[Site "Sochi"]
[Date "2019.10.17"]
[Round "11.12"]
[White "Koroleva, Evgeniya"]
[Black "Lysenko, Margarita"]
[Result "0-1"]
[ECO "E24"]
[WhiteElo "1855"]
[BlackElo "2243"]
[Annotator "NA"]
[PlyCount "52"]
[EventDate "2019.10.17"]
[EventType "swiss"]
[EventCountry "RUS"]
[SourceTitle "playchess.com"]
[Source "ChessBase"]
[SourceQuality "1"]
[TimeControl "180+2"]

1. d4 Nf6 2. c4 e6 3. Nc3 Bb4 4. a3 Bxc3+ 5. bxc3 b6 6. f3 Nc6 7. e4 Na5 8. e5 Ng8 9. Bd3 Ba6 10. Qe2 Ne7 11. Bg5 h6 12. Bh4 c5 13. d5 g5 14. Bf2 exd5 15. cxd5 Bxd3 16. Qxd3 c4 17. Qe4 Rc8 18. Rd1 Nb3 19. h4 Ng6 20. h5 Nf4 21. Ne2 Nd3+ 22. Rxd3 cxd3 23. Qxd3 Qe7 24. O-O Qxe5 25. Nd4 Qxd5 26. Re1+ Kf8 0-1

[Event "RUS-ch Women Blitz 2019"]
[Site "Sochi"]
[Date "2019.10.17"]
[Round "12.1"]
[White "Bodnaruk, Anastasia"]
[Black "Maltsevskaya, Aleksandra"]
[Result "1-0"]
[ECO "B45"]
[WhiteElo "2419"]
[BlackElo "2333"]
[Annotator "NA"]
[PlyCount "95"]
[EventDate "2019.10.17"]
[EventType "swiss"]
[EventCountry "RUS"]
[SourceTitle "playchess.com"]
[Source "ChessBase"]
[SourceQuality "1"]
[TimeControl "180+2"]

1. e4 c5 2. Nf3 e6 3. Nc3 Nc6 4. d4 cxd4 5. Nxd4 Nf6 6. Ndb5 Bc5 7. Nd6+ Ke7 8. Bf4 e5 9. Nf5+ Kf8 10. Bg5 h6 11. Be3 Bb4 12. Nd6 Nd4 13. Nxc8 Rxc8 14. Bd2 d5 15. Bd3 dxe4 16. Nxe4 Bxd2+ 17. Qxd2 Nxe4 18. Bxe4 Qb6 19. c3 Ne6 20. O-O Ke7 21. g3 Rhd8 22. Qe2 Rc7 23. Rfd1 Rxd1+ 24. Rxd1 Rd7 25. Rxd7+ Kxd7 26. b4 a5 27. a3 axb4 28. axb4 Ng5 29. Bd5 Qd6 30. Bxb7 e4 31. Bxe4 Qe6 32. Qd2+ Kc7 33. Bg2 f5 34. h4 Nf7 35. Qe3 Qd6 36. b5 Ne5 37. Qa7+ Kc8 38. Qa8+ Kc7 39. Qb7+ Kd8 40. Qd5 Kd7 41. b6 Nc6 42. b7 Nb8 43. Qb5+ Kc7 44. c4 Qd1+ 45. Kh2 Qd4 46. Qd5 Qxf2 47. c5 Qe3 48. Qd6# 1-0

[Event "RUS-ch Women Blitz 2019"]
[Site "Sochi"]
[Date "2019.10.17"]
[Round "12.2"]
[White "Belenkaya, Dina"]
[Black "Pogonina, Natalija"]
[Result "1/2-1/2"]
[ECO "C44"]
[WhiteElo "2300"]
[BlackElo "2479"]
[Annotator "ChessBase"]
[PlyCount "86"]
[EventDate "2019.10.17"]
[EventType "swiss"]
[EventCountry "RUS"]
[SourceTitle "playchess.com"]
[Source "ChessBase"]
[SourceQuality "1"]
[TimeControl "180+2"]

1. e4 e5 2. Nf3 Nc6 3. d4 exd4 4. Nxd4 Nf6 5. Nxc6 bxc6 6. Bd3 d5 7. exd5 cxd5 8. O-O Be7 9. c4 c6 10. Nd2 O-O 11. Qc2 Bg4 12. Rb1 Bh5 13. b4 Bg6 14. Bxg6 hxg6 15. Rd1 Rb8 16. a3 Re8 17. Nb3 Bd6 18. h3 Qe7 19. Bb2 Rbc8 20. Bd4 Bb8 21. Nc5 Qc7 22. g3 Qe7 23. Kg2 Bd6 24. cxd5 Nxd5 25. Qd3 Qg5 26. Kh2 Be5 27. Bxe5 Qxe5 28. Rbc1 g5 29. Qf3 Qe2 30. Qxe2 Rxe2 31. Nd3 Ra2 32. Ra1 Re2 33. Re1 Rce8 34. Kg1 Nb6 35. Rxe2 Rxe2 36. Rc1 Ra2 37. Rxc6 Rxa3 38. Ne5 f6 39. Nc4 Ra1+ 40. Kg2 Rc1 41. Na5 Rb1 42. Rc7 Rxb4 43. Rxa7 Nd5 1/2-1/2

[Event "RUS-ch Women Blitz 2019"]
[Site "Sochi"]
[Date "2019.10.17"]
[Round "12.3"]
[White "Garifullina, Leya"]
[Black "Kovanova, Baira"]
[Result "1-0"]
[ECO "C92"]
[WhiteElo "2330"]
[BlackElo "2344"]
[Annotator "NA"]
[PlyCount "61"]
[EventDate "2019.10.17"]
[EventType "swiss"]
[EventCountry "RUS"]
[SourceTitle "playchess.com"]
[Source "ChessBase"]
[SourceQuality "1"]
[TimeControl "180+2"]

1. e4 e5 2. Nf3 Nc6 3. Bb5 a6 4. Ba4 Nf6 5. O-O Be7 6. Re1 b5 7. Bb3 d6 8. c3 O-O 9. h3 Bb7 10. d4 Nd7 11. Nbd2 exd4 12. cxd4 Bf6 13. Nf1 Na5 14. Bc2 c5 15. Bf4 Re8 16. Ng3 Nc6 17. Nf5 Be7 18. Bxd6 cxd4 19. Bxe7 Nxe7 20. Nd6 Rf8 21. Nxb7 Qb6 22. e5 Qxb7 23. Be4 Nd5 24. Nxd4 Rad8 25. Nf5 Nxe5 26. Bxd5 Qc7 27. Qb3 g6 28. Ne3 Kg7 29. Rac1 Qb6 30. Qc3 f6 31. Qc7+ 1-0

[Event "RUS-ch Women Blitz 2019"]
[Site "Sochi"]
[Date "2019.10.17"]
[Round "12.4"]
[White "Charochkina, Daria"]
[Black "Tomilova, Elena"]
[Result "0-1"]
[ECO "A01"]
[WhiteElo "2355"]
[BlackElo "2345"]
[Annotator "NA"]
[PlyCount "76"]
[EventDate "2019.10.17"]
[EventType "swiss"]
[EventCountry "RUS"]
[SourceTitle "playchess.com"]
[Source "ChessBase"]
[SourceQuality "1"]
[TimeControl "180+2"]

1. b3 e5 2. Bb2 Nc6 3. e3 Nf6 4. Bb5 Bd6 5. Ne2 a6 6. Bxc6 dxc6 7. O-O O-O 8. d4 e4 9. Ng3 Re8 10. c4 Bg4 11. Qc2 Qe7 12. Nd2 Bxg3 13. fxg3 Bh5 14. Rf4 Bg6 15. Raf1 Nh5 16. Rh4 Qg5 17. Qc3 f5 18. d5 Nf6 19. dxc6 bxc6 20. Rhf4 Rad8 21. Nb1 Rd3 22. Qa5 Rxe3 23. Qxa6 Re2 24. Ba1 Ng4 25. Bd4 Rd8 26. Bc5 Rd3 27. Qxc6 Nxh2 28. Qe6+ Bf7 29. Qc8+ Rd8 30. Qxc7 Nxf1 31. Rxf1 Re8 32. Nc3 Rc2 33. Nb5 Qd2 34. Rf2 Rc1+ 35. Rf1 Rc2 36. Bf2 e3 37. Nd6 exf2+ 38. Kh1 Qh6# 0-1

[Event "RUS-ch Women Blitz 2019"]
[Site "Sochi"]
[Date "2019.10.17"]
[Round "12.5"]
[White "Chernyak, Viktoria"]
[Black "Voit, Daria"]
[Result "0-1"]
[ECO "A20"]
[WhiteElo "2284"]
[BlackElo "2336"]
[Annotator "NA"]
[PlyCount "62"]
[EventDate "2019.10.17"]
[EventType "swiss"]
[EventCountry "RUS"]
[SourceTitle "playchess.com"]
[Source "ChessBase"]
[SourceQuality "1"]
[TimeControl "180+2"]

1. c4 e5 2. g3 Nf6 3. Bg2 d5 4. cxd5 Nxd5 5. Nf3 Nc6 6. O-O Nb6 7. Nc3 Be7 8. d3 O-O 9. a3 Be6 10. b4 f6 11. Be3 a5 12. b5 Nd4 13. Nd2 c6 14. bxc6 bxc6 15. f4 Rb8 16. fxe5 fxe5 17. Rxf8+ Qxf8 18. Nde4 Bb3 19. Qd2 Nd5 20. Rf1 Qe8 21. Nxd5 Bxd5 22. a4 Bb4 23. Qb2 Bc3 24. Qa3 Nxe2+ 25. Kh1 Bd4 26. Bg5 Qg6 27. Be7 h6 28. Bd6 Rb3 29. Qa2 Rb2 30. Qa3 Bxe4 31. Bxe4 Nxg3+ 0-1

[Event "RUS-ch Women Blitz 2019"]
[Site "Sochi"]
[Date "2019.10.17"]
[Round "12.6"]
[White "Ambartsumova, Karina"]
[Black "Afonasieva, Anna"]
[Result "1/2-1/2"]
[ECO "A11"]
[WhiteElo "2341"]
[BlackElo "2312"]
[Annotator "NA"]
[PlyCount "136"]
[EventDate "2019.10.17"]
[EventType "swiss"]
[EventCountry "RUS"]
[SourceTitle "playchess.com"]
[Source "ChessBase"]
[SourceQuality "1"]
[TimeControl "180+2"]

1. c4 c6 2. Nf3 d5 3. e3 Nf6 4. Nc3 e6 5. b3 Nbd7 6. Bb2 Bd6 7. Be2 O-O 8. Qc2 Qe7 9. Rg1 dxc4 10. bxc4 e5 11. g4 e4 12. Nd4 Nc5 13. g5 Ne8 14. h4 Be5 15. O-O-O Bd7 16. h5 b5 17. Nb1 Na4 18. Ba3 Bd6 19. Bxd6 Qxd6 20. d3 Qb4 21. Nb3 Be6 22. h6 g6 23. c5 exd3 24. Bxd3 Bxb3 25. Qxb3 Qxc5+ 26. Bc2 Nc7 27. Qd3 Ne6 28. Qd6 Rad8 29. Qxc5 Naxc5 30. f4 Nc7 31. Nc3 b4 32. Ne4 Nxe4 33. Bxe4 c5 34. Bc6 Ne6 35. Kc2 c4 36. Bd5 c3 37. Bc4 Nc5 38. Rd4 a5 39. Rgd1 Rde8 40. Re1 a4 41. e4 Rb8 42. e5 b3+ 43. axb3 axb3+ 44. Kxc3 b2 45. Rb1 Rfc8 46. Kc2 Ne6 47. Re4 Rb4 48. Kc3 Rb7 49. Rxb2 Rbc7 50. Rb4 Nc5 51. Re1 Na6 52. Ra4 Nc5 53. Rb4 Na6 54. Ra4 Nc5 55. Ra5 Nb7 56. Ra4 Nc5 57. Rb4 Na6 58. Ra4 Nc5 59. Rb4 Na6 60. Ra4 Nc5 61. Rb4 Na6 62. Ra4 Nc5 63. Rb4 Na6 64. Ra4 Nc5 65. Ra5 Nb7 66. Ra4 Nc5 67. Ra3 Nd7 68. Re4 Nb6 1/2-1/2

[Event "RUS-ch Women Blitz 2019"]
[Site "Sochi"]
[Date "2019.10.17"]
[Round "12.7"]
[White "Guseva, Marina"]
[Black "Filippova, Darya"]
[Result "1-0"]
[ECO "A40"]
[WhiteElo "2366"]
[BlackElo "2010"]
[Annotator "NA"]
[PlyCount "33"]
[EventDate "2019.10.17"]
[EventType "swiss"]
[EventCountry "RUS"]
[SourceTitle "playchess.com"]
[Source "ChessBase"]
[SourceQuality "1"]
[TimeControl "180+2"]

1. d4 e6 2. c4 b6 3. e4 Bb7 4. Bd3 f5 5. exf5 exf5 6. Nf3 g6 7. O-O Be7 8. Re1 Nf6 9. Bh6 Ne4 10. Nc3 d5 11. cxd5 Bxd5 12. Nxe4 fxe4 13. Bxe4 Nc6 14. Rc1 Qd7 15. Bxd5 Qxd5 16. Ne5 Nxd4 17. Nc6 1-0

[Event "RUS-ch Women Blitz 2019"]
[Site "Sochi"]
[Date "2019.10.17"]
[Round "12.8"]
[White "Bykova, Anastasia"]
[Black "Sukhareva, Evgeniya"]
[Result "0-1"]
[ECO "E06"]
[WhiteElo "2247"]
[BlackElo "2122"]
[Annotator "NA"]
[PlyCount "92"]
[EventDate "2019.10.17"]
[EventType "swiss"]
[EventCountry "RUS"]
[SourceTitle "playchess.com"]
[Source "ChessBase"]
[SourceQuality "1"]
[TimeControl "180+2"]

1. d4 d5 2. c4 e6 3. g3 Nf6 4. Nf3 Be7 5. Bg2 O-O 6. O-O c6 7. Nbd2 b6 8. Qc2 Na6 9. a3 Bb7 10. e4 c5 11. e5 Nd7 12. dxc5 bxc5 13. b3 d4 14. Ng5 Bxg5 15. Bxb7 Nc7 16. Bxa8 Qxa8 17. f4 Be7 18. Nf3 g6 19. Bd2 Ne8 20. b4 Ng7 21. Qd3 h5 22. h3 Nf5 23. g4 hxg4 24. hxg4 Nh6 25. f5 Nxg4 26. fxg6 Ndxe5 27. gxf7+ Rxf7 28. Nxe5 Nxe5 29. Rxf7 Nxd3 30. Rxe7 Qf3 31. Re8+ Kg7 32. Re7+ Kf8 33. Rf1 Qxf1+ 34. Kxf1 Kxe7 35. Ke2 Ne5 36. bxc5 Nxc4 37. Bb4 e5 38. Kd3 Nb2+ 39. Ke4 Ke6 40. c6 Nc4 41. Bc5 a6 42. a4 Na5 43. Bxd4 exd4 44. Kxd4 Nxc6+ 45. Kc5 Kd7 46. Kb6 a5 0-1

[Event "RUS-ch Women Blitz 2019"]
[Site "Sochi"]
[Date "2019.10.17"]
[Round "12.9"]
[White "Lysenko, Margarita"]
[Black "Yakimova, Mariya"]
[Result "0-1"]
[ECO "A90"]
[WhiteElo "2243"]
[BlackElo "2276"]
[Annotator "NA"]
[PlyCount "59"]
[EventDate "2019.10.17"]
[EventType "swiss"]
[EventCountry "RUS"]
[SourceTitle "playchess.com"]
[Source "ChessBase"]
[SourceQuality "1"]
[TimeControl "180+2"]

1. d4 f5 2. c4 Nf6 3. g3 e6 4. Bg2 d5 5. Nh3 c6 6. O-O Bd6 7. Bf4 Be7 8. Nc3 O-O 9. Qc2 h6 10. Rab1 g5 11. Be5 Nbd7 12. cxd5 cxd5 13. Nb5 Nxe5 14. dxe5 Ng4 15. Qc3 Bd7 16. Nd6 Bxd6 17. exd6 Qb6 18. Qa3 Ne5 19. Rbc1 Rac8 20. Rxc8 Rxc8 21. b3 Nf7 22. Qb2 Qxd6 23. Qf6 Qe5 24. Qe7 Bc6 25. f4 Qd4+ 26. Kh1 Re8 27. Qa3 g4 28. Nf2 Bb5 29. Qc1 Qb6 30. Nd3 0-1